 Dungeon Crawl Stone Soup version 0.31-a0-1300-gb6740aa4e6 (webtiles) character file.

Game seed: 10336183128134506126

9888 gruber the Frost Mage (level 11, 0/81 HPs)
             Began as a Demonspawn Ice Elementalist on Dec 18, 2023.
             Was a Priest of Vehumet.
             Succumbed to Frances's poison
             ... on level 12 of the Dungeon on Dec 19, 2023.
             The game lasted 00:22:53 (12327 turns).

gruber the Frost Mage (DsIE)                       Turns: 12327, Time: 00:22:54

Health: 0/81       AC: 15    Str:  9    XL:     11   Next: 28%
Magic:  0/20       EV: 19    Int: 19    God:    Vehumet [***...]
Gold:   582        SH:  0    Dex: 20    Spells: 12/22 levels left

rFire   . .          .
                       - Unarmed
rCold   . . .        (no shield)
rNeg    . . .        a - +0 robe
rPois   +            t - +0 helmet
rElec   .            y - +0 cloak
rCorr   .            (no gloves)
SInv    .            (no boots)
Will    .....        A - amulet of guardian spirit
Stlth   ++           p - +6 ring of dexterity
HPRegen 0.33/turn    C - +5 ring of evasion
MPRegen 0.17/turn

%: guardian spirit
@: lethally poisoned (0 -> 0), ice-armoured, freezing walls
A: claws 1, slimy green scales 2, foul stench 1, powered by death 3, poison
resistance
a: Renounce Religion


You were on level 12 of the Dungeon.
You worshipped Vehumet.
Vehumet was most pleased with you.
You visited 2 branches of the dungeon, and saw 13 of its levels.

You collected 582 gold pieces.

Inventory:

Armour
 a - a +0 robe (worn)
 t - a +0 helmet (worn)
 y - a +0 cloak (worn)
 F - a +2 buckler
Magical Staves
 B - a staff of conjuration
Jewellery
 o - a ring of ice
 p - a +6 ring of dexterity (left claw)
 A - an amulet of guardian spirit (around neck)
 C - a +5 ring of evasion (right claw)
 L - a ring of resist corrosion
Wands
 r - a wand of polymorph (14)
 v - a wand of iceblast (11)
 x - a wand of flame (37)
 I - a wand of paralysis (4)
 K - a wand of acid (3)
Scrolls
 b - a scroll of enchant armour {unknown}
 c - 2 scrolls of poison {unknown}
 d - 2 scrolls of revelation {unknown}
 f - 2 scrolls of amnesia {unknown}
 g - 15 scrolls of identify {unknown}
 h - 8 scrolls of silence {unknown}
 k - 3 scrolls of blinking {unknown}
 s - 3 scrolls of vulnerability {unknown}
 u - a scroll of fog {unknown}
 w - 2 scrolls of noise {unknown}
 z - a scroll of summoning {unknown}
 D - 2 scrolls of brand weapon {unknown}
 H - 2 scrolls of teleportation {unknown}
Potions
 e - 3 potions of mutation
 i - a potion of resistance {unknown}
 j - 2 potions of attraction {unknown}
 l - 3 potions of haste {unknown}
 m - 2 potions of heal wounds {unknown}
 n - 6 potions of curing
 q - a potion of cancellation {unknown}
 E - a potion of might {unknown}
 G - a potion of enlightenment {unknown}
Miscellaneous
 J - a phial of floods


   Skills:
 - Level 6.0 Fighting
 - Level 4.1 Dodging
 - Level 1.7 Stealth
 - Level 6.0 Unarmed Combat
 - Level 6.1 Spellcasting
 * Level 7.5 Conjurations
 - Level 9.3 Ice Magic
 - Level 5.1 Earth Magic


You had 12 spell levels left.
You knew the following spells:

 Your Spells              Type           Power      Damage    Failure   Level
a - Freeze                Ice            100%       1d10      1%          1
b - Frozen Ramparts       Ice            82%        1d13      1%          3
c - Ozocubu's Armour      Ice            41%        N/A       1%          3
d - Stone Arrow           Conj/Erth      60%        3d10      1%          3

Your spell library contained the following spells:

 Spells                   Type           Power      Damage    Failure   Level
 Dazzling Flash           Conj/Hex       40%        N/A       1%          3
 Sandblast                Erth           50%        2d12      1%          1
 Ensorcelled Hibernation  Hex/Ice        46%        N/A       2%          2
 Brom's Barrelling Bould  Conj/Erth      30%        2d5       2%          4
 Passwall                 Tmut/Erth      12%        N/A       6%          2
 Summon Ice Beast         Ice/Summ       23%        N/A       16%         4
 Lesser Beckoning         Tloc           10%        N/A       17%         2
 Fireball                 Conj/Fire      10%        3d6       17%         5
 Call Canine Familiar     Summ           5%         N/A       32%         3
 Gell's Gravitas          Tloc           5%         N/A       32%         3
 Sigil of Binding         Hex            5%         N/A       32%         3
 Summon Guardian Golem    Hex/Summ       5%         N/A       32%         3
 Swiftness                Air            5%         N/A       32%         3
 Teleport Other           Tloc           5%         N/A       32%         3
 Leda's Liquefaction      Tmut/Erth      7%         N/A       36%         4
 Petrify                  Tmut/Erth      15%        N/A       36%         4
 Metabolic Englaciation   Hex/Ice        11%        N/A       41%         5
 Orb of Destruction       Conj           17%        9d7       67%         7
 Cause Fear               Hex            2%         N/A       73%         4
 Dimensional Bullseye     Hex/Tloc       2%         N/A       73%         4
 Spellforged Servitor     Conj/Summ      10%        N/A       98%         7
 Dispersal                Tloc           2%         N/A       100%        6
 Dragon's Call            Summ           2%         N/A       100%        9


Dungeon Overview and Level Annotations

Branches:
Dungeon (12/15)            Temple (1/1) D:6            Lair (0/5) D:11
    Orc (0/2) D:10

Altars:
Ashenzari
Cheibriados
Dithmenos
Fedhas
Gozag
Hepliaklqana
Kikubaaqudgha
Makhleb
Nemelex Xobeh
Okawaru
Qazlal
Ru
Sif Muna
Trog
Uskayaw
Vehumet
Wu Jian
Xom
Yredelemnul

Shops:
D:2 (   D:3 :   D:5 *   D:9 (:

Annotations:
D:8 3 runed translucent doors, DEFE's ghost, novice DsWn
D:12 Frances


Innate Abilities, Weirdness & Mutations

You have sharp fingernails.
You are mostly covered in slimy green scales. (AC +3)
You may rarely emit foul miasma when damaged in melee.
You regenerate a lot of health from kills.
Your system is resistant to poisons. (rPois)


Message History

Aiming: Iceblast
Press: ? - help, Shift-Dir - straight line The mass of ice explodes!
The iceblast engulfs Frances.
Frances is heavily wounded.
The iceblast engulfs the sixfirhy!
The sixfirhy is moderately wounded.
You feel sick.
The wall freezes the sixfirhy. x4
The wall freezes the sixfirhy but does no damage.
The wall freezes Frances.
Frances closely misses you.
The wall freezes the sixfirhy but does no damage.
Unknown command.
Unknown command.
Aiming: Iceblast
Press: ? - help, Shift-Dir - straight line The mass of ice explodes!
The iceblast engulfs Frances!
Frances is severely wounded.
The iceblast engulfs the sixfirhy!
The sixfirhy is severely wounded.
You feel sick.
The wall freezes the sixfirhy. x4
You kill the sixfirhy!
The sixfirhy disappears in a puff of smoke!
The wall freezes Frances.
Frances hits you with a +2 war axe of venom!
* * * LOW HITPOINT WARNING * * *
Unknown command.
Unknown command.
Aiming: Iceblast
Press: ? - help, Shift-Dir - straight line The mass of ice explodes!
The iceblast engulfs Frances!
Frances is severely wounded.
You feel sick.
The wall freezes Frances!
Frances hits you with a +2 war axe of venom!!
* * * LOW HITPOINT WARNING * * *
Unknown command.
Unknown command.
Aiming: Iceblast
Press: ? - help, Shift-Dir - straight line The mass of ice explodes!
The iceblast engulfs Frances!
Frances is almost dead.
You die...

#...........#
#...........#
#...........#
#...........#
#...........#
#...........#
#...........#
#...........#
#..#######@.#
... #@.# ..
#..# #.ยง#
#..# #..#
#..# #..#
#..#


You could see Frances (corroded).

Vanquished Creatures
  Pikel (D:5)
  An ugly thing (D:8)
  2 cyclopes
  2 kobold demonologists
  2 unseen horrors (D:11)
  A komodo dragon (D:12)
  A wraith (D:11)
  A shadow (D:11)
  A wyvern (D:10)
  3 vampires
  Eustachio (D:4)
  10 yaks
  A warg (D:11)
  Menkaure (D:8)
  An acid dragon (D:10)
  A water moccasin (D:6)
  6 orc warriors
  A black bear (D:5)
  2 sky beasts
  2 ice beasts
  An ogre (D:5)
  2 wolves (D:11)
  3 lemures (D:5)
  A centaur (D:9)
  Blork the orc (D:5)
  2 phantoms
  A kobold brigand (D:9)
  2 bullfrogs (D:7)
  A gnoll sergeant (D:9)
  4 wights (D:9)
  4 scorpions
  6 killer bees
  An electric eel (D:7)
  A gnoll bouda (D:9)
  2 hounds
  2 sleepcaps (D:5)
  8 orc priests
  Crazy Yiuf (D:5)
  3 jellies
  Ijyb (D:3)
  6 iguanas
  15 orc wizards
  18 gnolls
  3 adders
  A worm (D:2)
  4 dart slugs
  49 orcs
  8 endoplasms
  5 giant cockroaches
  11 goblins
  8 hobgoblins
  2 jackals (D:5)
  7 kobolds
  5 quokkas
  10 ball pythons
  11 bats
  2 frilled lizards (D:1)
  27 rats
280 creatures vanquished.

Notes
Turn   | Place    | Note
-------+----------+-------------------------------------------
     0 | D:1      | gruber the Demonspawn Ice Elementalist began the quest for
                  | the Orb.
     0 | D:1      | Reached XP level 1. HP: 13/13 MP: 3/3
   155 | D:1      | Reached skill level 4 in Ice Magic
   198 | D:1      | Gained mutation: You are partially covered in slimy green
                  | scales. (AC +2) [demonic ancestry]
   198 | D:1      | Reached XP level 2. HP: 19/19 MP: 1/5
   848 | D:1      | Gained mutation: You have sharp fingernails. [demonic
                  | ancestry]
   848 | D:1      | Reached XP level 3. HP: 24/24 MP: 3/6
  1294 | D:2      | Reached skill level 1 in Unarmed Combat
  1298 | D:2      | Learned a level 3 spell: Frozen Ramparts
  1904 | D:2      | Found Johack's Weapon Emporium.
  2004 | D:3      | Noticed Ijyb
  2060 | D:3      | Killed Ijyb
  2061 | D:3      | Gained mutation: You regenerate a little health from kills.
                  | [demonic ancestry]
  2061 | D:3      | Reached XP level 4. HP: 30/30 MP: 0/7
  2603 | D:3      | Found Acrehata's Book Shop.
  2603 | D:3      | Noticed a scorpion
  2611 | D:3      | Killed a scorpion
  2612 | D:3      | Reached skill level 5 in Ice Magic
  2612 | D:3      | Reached XP level 5. HP: 35/35 MP: 2/8
  2816 | D:4      | Gained mutation: You may rarely emit foul miasma when
                  | damaged in melee. [demonic ancestry]
  2816 | D:4      | Reached XP level 6. HP: 39/41 MP: 3/9
  2908 | D:4      | Reached skill level 6 in Ice Magic
  2914 | D:4      | Noticed Eustachio
  3120 | D:4      | Killed Eustachio
  3175 | D:4      | Reached skill level 7 in Ice Magic
  3175 | D:4      | Reached XP level 7. HP: 29/46 MP: 5/10
  3277 | D:4      | Learned a level 3 spell: Ozocubu's Armour
  3553 | D:5      | Entered Level 5 of the Dungeon
  3788 | D:5      | Noticed Blork the orc
  3790 | D:5      | Reached skill level 8 in Ice Magic
  3914 | D:5      | Found Nobleuhu's Overcharged Wands.
  4175 | D:5      | Noticed Pikel
  4190 | D:5      | Killed Pikel
  4191 | D:5      | Reached skill level 5 in Spellcasting
  4191 | D:5      | Reached XP level 8. HP: 28/52 MP: 0/16
  4320 | D:5      | Found a runed translucent door.
  4321 | D:5      | Noticed Crazy Yiuf
  4769 | D:5      | Killed Blork the orc
  4905 | D:5      | Killed Crazy Yiuf
  5253 | D:6      | Reached skill level 5 in Unarmed Combat
  5354 | D:6      | Found a staircase to the Ecumenical Temple.
  5367 | D:6      | Gained mutation: You regenerate health from kills. [demonic
                  | ancestry]
  5367 | D:6      | Reached XP level 9. HP: 39/57 MP: 18/18
  5509 | Temple   | Found a transporter.
  5509 | Temple   | Found a transporter.
  5509 | Temple   | Found a transporter.
  5509 | Temple   | Found a transporter.
  5509 | Temple   | Entered the Ecumenical Temple
  5523 | Temple   | Became a worshipper of Vehumet
  5535 | Temple   | Learned a level 3 spell: Stone Arrow
  6419 | D:7      | You fall into a shaft and drop 2 floors!
  6428 | D:9      | Found Zerphyaxa's Book Emporium.
  6462 | D:9      | Reached skill level 1 in Conjurations
  6527 | D:8      | Noticed a cyclops
  6588 | D:8      | Found a runed translucent gate.
  6588 | D:8      | Found a runed translucent gate.
  6588 | D:8      | Found a runed translucent gate.
  6589 | D:8      | Found an opulent altar of Gozag.
  6590 | D:8      | Noticed DEFE's ghost (novice DsWn)
  6633 | D:7      | Noticed Menkaure
  6646 | D:8      | Killed Menkaure
  6856 | D:7      | Found a broken altar of Ashenzari.
  7068 | D:7      | Found an ornate altar of the Wu Jian Council.
  7069 | D:7      | Found a shimmering blue altar of Sif Muna.
  7194 | D:7      | Reached * piety under Vehumet
  7194 | D:7      | Offered knowledge of Foxfire by Vehumet.
  7195 | D:7      | Reached skill level 5 in Conjurations
  7452 | D:8      | Killed a cyclops
  7502 | D:8      | Noticed a purple ugly thing
  7745 | D:8      | Killed a purple ugly thing
  7855 | D:8      | Gained mutation: You are mostly covered in slimy green
                  | scales. (AC +3) [demonic ancestry]
  7855 | D:8      | Reached XP level 10. HP: 64/64 MP: 12/19
  7861 | D:8      | Reached skill level 1 in Fighting
  8012 | D:8      | Noticed an entropy weaver
  8014 | D:8      | an entropy weaver changed into a human
  8016 | D:8      | a human changed into a harpy
  8016 | D:8      | Noticed a harpy (shapeshifter)
  8178 | D:9      | Found Eruskang's Weapon Shoppe.
  8792 | D:9      | Reached skill level 5 in Fighting
  9238 | D:10     | Entered Level 10 of the Dungeon
  9338 | D:10     | Found a staircase to the Orcish Mines.
  9811 | D:10     | Offered knowledge of Magic Dart by Vehumet.
  9944 | D:10     | Found an opulent altar of Gozag.
 10004 | D:10     | Reached ** piety under Vehumet
 10245 | D:10     | Gained mutation: Your system is resistant to poisons.
                  | (rPois) [potion of mutation]
 10252 | D:10     | Reached skill level 9 in Ice Magic
 10618 | D:10     | Reached skill level 1 in Earth Magic
 10991 | D:11     | Offered knowledge of Dazzling Flash by Vehumet.
 11099 | D:11     | Found a staircase to the Lair.
 11122 | D:11     | Noticed a cyclops
 11150 | D:11     | Killed a cyclops
 11151 | D:11     | Gained mutation: You regenerate a lot of health from kills.
                  | [demonic ancestry]
 11151 | D:11     | Reached XP level 11. HP: 81/81 MP: 12/20
 11265 | D:11     | Found a broken altar of Ashenzari.
 11700 | D:11     | Reached skill level 5 in Earth Magic
 11845 | D:11     | Reached *** piety under Vehumet
 12292 | D:12     | Noticed Frances
 12294 | D:12     | Noticed a sun demon
 12324 | D:12     | Noticed a sixfirhy
 12326 | D:12     | HP: 1/81 [Frances/+2 war axe of venom (21)]
 12327 | D:12     | Succumbed to Frances's poison

Illustrated notes

Levels and vault maps discovered:
D:1:      onia_arrival_handbag, layout_basic
D:2:      layout_loops_ring, serial_shops, shop_fountains,
          corexii_hall_statues_s
D:3:      layout_rooms, serial_shops, shop, hangedman_decor_clover_reticule,
          st_stairs_2, minmay_rat_hole, uniq_ijyb
D:4:      layout_rooms, uniq_eustachio
D:5:      layout_rooms, chequers_serial_rivers_micro_d,
          nicolae_shop_overcharged_wands, uniq_blork_the_orc,
          uniq_crazy_yiuf_cottage, uniq_pikel
D:6:      layout_basic, minmay_temple_entry_nine_rooms
D:7:      layout_rooms, jmf_multi_god_temple, grunt_temple_overflow_open,
          grunt_decor_arrowhead, grunt_ministairs_9, lightli_minifort,
          uniq_menkaure
D:8:      layout_rooms, ebering_ghost_gozag
D:9:      layout_grid_maze, serial_shops, shop, nicolae_shop_statue_plus
D:10:     layout_irregular_city, grunt_gozag_breadcrumbs,
          minmay_orc_entry_temple_small, enter_bailey_3
D:11:     layout_roguey, erik_lair_orcish_takeover, kennysheep_nondescript,
          ashenzari_conservatory_becter
D:12:     layout_long_grid, uniq_snorg, uniq_frances
Temple:   hellmonk_temple_divided_pantheon

Skill      XL: |  1  2  3  4  5  6  7  8  9 10 11 |
---------------+----------------------------------+-----
Ice Magic      | 4 5 7 8 9 |  9.3
Unarmed Combat | 2 3 5 6 |  6.0
Spellcasting   | 5 6 |  6.1
Conjurations   | 6 7 |  7.5
Dodging        | 4 |  4.1
Fighting       | 6 |  6.0
Earth Magic    | 4 5 |  5.1
Stealth        | |  1.7

Action                     |  1- 3 |  4- 6 |  7- 9 | 10-12 || total
---------------------------+-------+-------+-------+-------++-------
  Melee: Unarmed           |    64 |    74 |   189 |   124 ||   451
         Short sword       |     7 |       |       |       ||     7
         Punch             |       |     1 |     5 |     5 ||    11
   Cast: Freeze            |    57 |    29 |    36 |    44 ||   166
         Frozen Ramparts   |     1 |     7 |    26 |    32 ||    66
         Ozocubu's Armour  |       |       |    20 |    18 ||    38
         Stone Arrow       |       |       |     1 |    45 ||    46
  Evoke: Wand              |       |       |     4 |    11 ||    15
    Use: Potion            |       |       |       |     3 ||     3
   Stab: Sleeping          |       |       |     1 |       ||     1
         Distracted        |       |       |     1 |     1 ||     2
 Armour: Robe              |    48 |    43 |   122 |   124 ||   337
  Dodge: Dodged            |    79 |    53 |   129 |   210 ||   471

Table legend: (Time is in decaauts)
 A = Elapsed time spent in this place.
 B = Non-inter-level travel time spent in this place.
 C = Inter-level travel time spent in this place.
 D = Time resting spent in this place.
 E = Time spent auto-exploring this place.
 F = Levels seen in this place.
 G = Mean time per level.
                   A        B        C        D        E       F      G
               +--------+--------+--------+--------+--------+-----+--------+
         Total |  12282 |  11764 |    518 |    176 |   9585 |  13 |  944.8 |
       Dungeon |  12237 |  11720 |    517 |    176 |   9585 |  12 | 1019.8 |
        Temple |     44 |     44 |      0 |      0 |      0 |   1 |   44.0 |
               +--------+--------+--------+--------+--------+-----+--------+

Top non-repeatable levels by time:
    D:10: 1676 daAuts
     D:5: 1373 daAuts
     D:9: 1322 daAuts
     D:6: 1281 daAuts
    D:11: 1193 daAuts
     D:1: 1183 daAuts
     D:3: 849 daAuts
     D:4: 811 daAuts
     D:2: 793 daAuts
     D:7: 790 daAuts
     D:8: 780 daAuts
    D:12: 181 daAuts
  Temple: 44 daAuts
